 Dungeon Crawl Stone Soup version 0.31-a0-145-g046c7d2549 (webtiles) character file.

Game seed: 14367362940764179300

272 Armakuni the Charlatan (level 6, -7/35 HPs)
             Began as a Deep Elf Artificer on June 5, 2023.
             Mangled by a black bear (8 damage)
             ... on level 4 of the Dungeon.
             The game lasted 00:06:19 (2539 turns).

Armakuni the Charlatan (Deep Elf Artificer)         Turns: 2539, Time: 00:06:19

Health: -7/35      AC:  5    Str: 11    XL:     6   Next: 2%
Magic:  0/8        EV: 12    Int: 16    God:
Gold:   162        SH:  0    Dex: 15    Spells: 5/5 levels left

rFire   . . .        a - +2 quarterstaff
rCold   . . .        (shield currently unavailable)
rNeg    . . .        b - +0 leather armour
rPois   .            (no helmet)
rElec   .            o - +0 cloak
rCorr   .            (no gloves)
SInv    .            h - +0 pair of boots
Will    .....        G - amulet of guardian spirit
Stlth   ++           L - ring of flight
HPRegen 0.25/turn    (no ring)
MPRegen 0.11/turn

%: guardian spirit
@: flying
A: no striking features
a: no special abilities


You were on level 4 of the Dungeon.
You visited 1 branch of the dungeon, and saw 4 of its levels.

You collected 162 gold pieces.

Inventory:

Hand Weapons
 a - a +2 quarterstaff (weapon)
Missiles
 k - 12 poisoned darts
Armour
 b - a +0 leather armour (worn)
 f - a +0 ring mail
 h - a +0 pair of boots (worn)
 o - a +0 cloak (worn)
Jewellery
 G - an amulet of guardian spirit (around neck)
 L - a ring of flight (left hand)
 M - an amulet of magic regeneration
Wands
 c - a wand of charming (14)
 d - a wand of flame (7) (quivered)
 j - a wand of iceblast (3)
 r - a wand of roots (14)
Scrolls
 p - a scroll of identify
 q - a scroll of teleportation
 s - a scroll of butterflies {unknown}
 t - a scroll of torment {unknown}
Potions
 e - a potion of experience {unknown}
 g - a potion of heal wounds
 i - a potion of curing {unknown}
 l - a potion of berserk rage {unknown}
 m - a potion of brilliance {unknown}
 n - 2 potions of lignification {unknown}


   Skills:
 + Level 2.3 Fighting
 + Level 2.5 Staves
 - Level 0.7 Armour
 - Level 2.4 Dodging
 - Level 1.2 Stealth
 - Level 6.0 Evocations


You had 5 spell levels left.
You didn't know any spells.
Your spell library contained the following spells:

 Spells                   Type           Power      Damage    Failure   Level
 Ensorcelled Hibernation  Hex/Ice        0%         N/A       45%         2
 Passwall                 Tmut/Erth      0%         N/A       45%         2
 Swiftness                Air            0%         N/A       69%         3


Dungeon Overview and Level Annotations

Branches:
Dungeon (4/15)
 Temple: D:4-7

Altars:


Message History

The black bear is almost dead.
The black bear bites you. The black bear claws you. x2
The black bear goes berserk!
You closely miss the black bear.
The black bear is almost dead.
The black bear bites you! The black bear claws you.
The black bear barely misses you.
You barely miss the black bear.
The black bear is severely wounded.
The black bear completely misses you. The black bear closely misses you.
The black bear claws you. The black bear barely misses you.
The black bear closely misses you.
The black bear claws you but does no damage.
You are too injured to fight recklessly!
You are too injured to fight recklessly!
You are too injured to fight recklessly!
You hit the black bear.
The black bear is almost dead.
The black bear barely misses you.
The black bear claws you but does no damage.
The black bear claws you. The black bear barely misses you.
The black bear closely misses you.
The black bear claws you but does no damage.
You closely miss the black bear.
The black bear is almost dead.
The black bear bites you.
* * * LOW HITPOINT WARNING * * *
The black bear claws you.
* * * LOW HITPOINT WARNING * * *
The black bear claws you.
* * * LOW HITPOINT WARNING * * *
The black bear bites you.
* * * LOW HITPOINT WARNING * * *
The black bear claws you.
* * * LOW HITPOINT WARNING * * *
The black bear claws you but does no damage.
You barely miss the black bear.
The black bear is almost dead.
The black bear bites you!
You die...

#......# ##..)..##
#...>..# ##...).).##
......# #....)....#
..... +.........+ ...
#.........# #.#
##.......## #o#
##.....## #h# ##...##
####@# ##'## #....#
#†# #.#### #######.###
#####.######.........#
#.........##.####....#
#.###.###.##.# #.....#
#.# #.# #.##.####....#
#.# #.###........#.#.#
#.#
#......#.###........


You could see a black bear (berserk) and an orc.

Vanquished Creatures
  A phantom (D:4)
  An orc priest (D:4)
  8 adders
  2 gnolls (D:3)
  5 dart slugs
  4 orcs
  7 ball pythons
  3 endoplasms
  4 giant cockroaches (D:1)
  5 hobgoblins
  5 kobolds
  A quokka (D:1)
  5 bats
  6 frilled lizards
  2 goblins (D:1)
  4 rats
63 creatures vanquished.

Vanquished Creatures (collateral kills)
  A gnoll (D:3)
1 creature vanquished.

Grand Total: 64 creatures vanquished

Notes
Turn   | Place    | Note
-------+----------+-------------------------------------------
     0 | D:1      | Armakuni the Deep Elf Artificer began the quest for the
                  | Orb.
     0 | D:1      | Reached XP level 1. HP: 11/11 MP: 3/3
   128 | D:1      | Reached skill level 4 in Evocations
   128 | D:1      | Reached XP level 2. HP: 7/16 MP: 4/4
   796 | D:2      | Reached XP level 3. HP: 13/20 MP: 5/5
  1033 | D:2      | Reached skill level 5 in Evocations
  1721 | D:3      | Reached XP level 4. HP: 24/24 MP: 6/6
  1838 | D:3      | Reached skill level 6 in Evocations
  1942 | D:3      | Reached skill level 1 in Fighting
  2061 | D:3      | Reached skill level 1 in Staves
  2061 | D:3      | Reached XP level 5. HP: 27/29 MP: 5/7
  2262 | D:4      | Noticed a phantom
  2273 | D:4      | Killed a phantom
  2405 | D:4      | Reached XP level 6. HP: 16/35 MP: 4/8
  2538 | D:4      | HP: 1/35 [black bear (1)]
  2539 | D:4      | Mangled by a black bear

Illustrated notes

Levels and vault maps discovered:
D:1:      sevenhm_arrival_forest_fort_small_1, layout_rooms, minivault_4,
          minmay_distorted
D:2:      layout_basic
D:3:      layout_rooms, kennysheep_generic_room_10
D:4:      layout_loops_corners, gup_sewer_entry_bubbles

Skill      XL: |  1  2  3  4  5 |
---------------+----------------+-----
Evocations     | 4 5 6 |  6.0
Fighting       | 1 2 |  2.3
Staves         | 1 2 |  2.5
Armour         | |  0.7
Dodging        | |  2.4
Stealth        | |  1.2

Action                     |  1- 3 |  4- 6 || total
---------------------------+-------+-------++-------
  Melee: Quarterstaff      |   114 |    77 ||   191
  Evoke: Wand              |     8 |     3 ||    11
    Use: Scroll            |     7 |       ||     7
   Stab: Sleeping          |     2 |     2 ||     4
 Armour: Leather armour    |    41 |    34 ||    75
  Dodge: Dodged            |    96 |    57 ||   153

Table legend: (Time is in decaauts)
 A = Elapsed time spent in this place.
 B = Non-inter-level travel time spent in this place.
 C = Inter-level travel time spent in this place.
 D = Time resting spent in this place.
 E = Time spent auto-exploring this place.
 F = Levels seen in this place.
 G = Mean time per level.
                   A        B        C        D        E       F      G
               +--------+--------+--------+--------+--------+-----+--------+
         Total |   2595 |   2433 |    162 |    220 |   1495 |   4 |  648.8 |
       Dungeon |   2595 |   2433 |    162 |    220 |   1495 |   4 |  648.8 |
               +--------+--------+--------+--------+--------+-----+--------+

Top non-repeatable levels by time:
     D:2: 945 daAuts
     D:1: 799 daAuts
     D:3: 555 daAuts
     D:4: 294 daAuts
